 Dungeon Crawl Stone Soup version 0.18.1-8-gdd0e5ea (webtiles) character file.

674835 nubinia the Master Archer (level 27, -14/156 HPs)
             Began as a High Elf Wizard on May 20, 2016.
             Was the Champion of Vehumet.
             Killed from afar by Sunyrez the pandemonium lord (29 damage)
             ... with a blast of metal fragments
             ... on level 12 of the Dungeon on May 23, 2016.
             The game lasted 14:41:21 (99825 turns).

nubinia the Master Archer (High Elf Wizard)        Turns: 99825, Time: 14:41:21

Health: -14/156    AC: 27    Str:  7    XL:     27
Magic:  40/55      EV: 30    Int: 31    God:    Vehumet [******]
Gold:   2680       SH:  0    Dex: 26    Spells: 20 memorised, 9 levels left

rFire  + . .     SeeInvis .     b - +9 shortbow (evade)
rCold  + + .     Gourm    .     E - +5 swamp dragon armour "Acuaxzet" {rPois rN+ MP-9 Int+2 Slay+3}
rNeg   + + .     Faith    .     (shield currently unavailable)
rPois  +         Spirit   .     x - +2 helmet of Appe {Slay+2}
rElec  +         Dismiss  .     e - +2 cloak {MR+}
rCorr  .         Reflect  .     m - +2 pair of gloves of Incorporation {rF+ Regen+}
SustAt .         Harm     .     p - +2 pair of boots
MR     +++++     Clarity  +     I - amulet of the Four Winds {rN+ MR+++ Clar}
Stlth  ++........               H - ring "Hexiuck" {*Confuse rElec rC+ MR++ EV+5}
                                D - ring of the Archfiend {+Fly rC+ MP+9 Int+4}

@: swift, quick, almost entirely resistant to hostile enchantments, unstealthy
A: no striking features
a: Renounce Religion, Evoke Flight
0: Orb of Zot
}: 3/15 runes: decaying, serpentine, silver


You were on level 12 of the Dungeon.
You worshipped Vehumet.
Vehumet was exalted by your worship.
You were not hungry.

You visited 11 branches of the dungeon, and saw 55 of its levels.
You also visited: Labyrinth and Ice Cave.

You collected 9919 gold pieces.
You spent 7239 gold pieces at shops.

Inventory:

Hand Weapons
 a - the +3 Elemental Staff {rElec rF++ rC++ MR++ AC+5}
   (You bought it in a shop on level 4 of the Vaults)

   It affects your AC (+5).
   It greatly protects you from fire.
   It greatly protects you from cold.
   It insulates you from electricity.
   It affects your resistance to hostile enchantments.
 b - a +9 shortbow of evasion (weapon)
 l - the +8 flail of Kaisalas {pain, rN+ MP+9 Int+7}
   (You found it on level 4 of the Depths)

   In the hands of one skilled in necromantic magic, it inflicts extra damage on
   living creatures.
   It affects your intelligence (+7).
   It protects you from negative energy.
   It affects your magic capacity (+9).
 s - the +8 shortbow of the Assorted Runes {venom, rElec rN+ Str-5 SInv}
   (You found it on level 5 of the Depths)

   It poisons the ammo it fires.
   It affects your strength (-5).
   It insulates you from electricity.
   It protects you from negative energy.
   It lets you see invisible.
 P - a +4 longbow of freezing
Missiles
 R - 955 arrows (quivered)
Armour
 e - a +2 cloak of magic resistance (worn)
 m - the +2 pair of gloves of Incorporation (worn) {rF+ Regen+}
   (You found it on level 4 of the Lair of Beasts)

   It protects you from fire.
   It increases your rate of regeneration.
 p - a +2 pair of boots (worn)
 x - the +2 helmet of Appe (worn) {Slay+2}
   (You found it on level 3 of the Snake Pit)

   It affects your accuracy and damage with ranged weapons and melee attacks
   (+2).
 z - a +1 buckler of protection
 C - the +3 pair of gloves of the King of the Hill {rElec rC+ rN+}
   (You acquired it on level 2 of the Crypt)

   It protects you from cold.
   It insulates you from electricity.
   It protects you from negative energy.
 E - the +5 swamp dragon armour "Acuaxzet" (worn) {rPois rN+ MP-9 Int+2 Slay+3}
   (You bought it in a shop on level 14 of the Dungeon)

   It affects your intelligence (+2).
   It affects your accuracy and damage with ranged weapons and melee attacks
   (+3).
   It protects you from poison.
   It protects you from negative energy.
   It affects your magic capacity (-9).
Jewellery
 i - the ring of Sounu {rCorr *Corrode rElec rC+}
   (You took it off a salamander stormcaller on level 4 of the Depths)

   [ring of resist corrosion]

   It protects you from cold.
   It insulates you from electricity.
   It may corrode you when you take damage.
 D - the ring of the Archfiend (left hand) {+Fly rC+ MP+9 Int+4}
   (You found it on level 13 of the Dungeon)

   [ring of magical power]

   It affects your intelligence (+4).
   It protects you from cold.
   It affects your magic capacity (+9).
   It lets you fly.
 H - the ring "Hexiuck" (right hand) {*Confuse rElec rC+ MR++ EV+5}
   (You took it off a vampire on level 12 of the Dungeon)

   [ring of evasion]

   It affects your evasion (+5).
   It protects you from cold.
   It insulates you from electricity.
   It affects your resistance to hostile enchantments.
   It may confuse you when you take damage.
 I - the amulet of the Four Winds (around neck) {rN+ MR+++ Clar}
   (You found it on level 6 of the Dungeon)

   [amulet of nothing]

   It protects you from negative energy.
   It affects your resistance to hostile enchantments.
   It protects you against confusion.
Wands
 q - a wand of heal wounds (7/9)
 u - a wand of iceblast (4/15)
 M - a wand of digging (4/24)
 Q - a wand of disintegration (7/24)
Scrolls
 h - 5 scrolls of magic mapping
 k - 14 scrolls of remove curse
 o - 13 scrolls of identify
 A - a scroll of teleportation
 J - 9 scrolls of fog
 N - a scroll of amnesia
 W - 3 scrolls of fear
Potions
 f - 7 potions of agility
 j - 4 potions of cure mutation
 n - 3 potions of resistance
 v - a potion of might
 w - 2 potions of cancellation
 B - 9 potions of curing
 G - a potion of ambrosia
 K - 2 potions of haste
 L - a potion of flight
 S - 2 potions of invisibility
 T - 3 potions of brilliance
 X - a potion of heal wounds
Books
 g - a book of Death

   Spells                             Type                      Level
   a - Corpse Rot                     Necromancy                   2
   b - Sublimation of Blood           Necromancy                   2
   c - Agony                          Necromancy                   5
   d - Dispel Undead                  Necromancy                   5
   e - Excruciating Wounds            Charms/Necromancy            5
   f - Bolt of Draining               Conjuration/Necromancy       5
 y - the Collected Works on Conjuration
   (You found it on level 5 of the Vaults)

   Spells                             Type                      Level
   a - Magic Dart                     Conjuration                  1
   b - Stone Arrow                    Conjuration/Earth            3
   c - Sticky Flame                   Conjuration/Fire             4
   d - Bolt of Draining               Conjuration/Necromancy       5
   e - Delayed Fireball               Conjuration/Fire             7
 Z - a book of Spatial Translocations

   Spells                             Type                      Level
   a - Apportation                    Translocation                1
   b - Blink                          Translocation                2
   c - Shroud of Golubria             Charms/Translocation         2
   d - Portal Projectile              Translocation                3
   e - Teleport Other                 Translocation                3
   f - Passage of Golubria            Translocation                4
Miscellaneous
 c - a phial of floods
 r - a fan of gales
 U - a lamp of fire
 V - a phantom mirror
 Y - a sack of spiders
Comestibles
 d - 17 bread rations


   Skills:
 + Level 5.3 Fighting
   Level 6.5 Short Blades
 O Level 27 Bows
 + Level 6.9 Armour
 + Level 12.3 Dodging
 - Level 13.0 Stealth
 O Level 27 Spellcasting
 - Level 17.0 Conjurations
 - Level 2.6 Hexes
 - Level 10.1 Charms
   Level 1.7 Summonings
 - Level 10.3 Translocations
 - Level 5.7 Fire Magic
 - Level 12.1 Ice Magic
 O Level 27 Air Magic
 - Level 3.0 Poison Magic
 - Level 1.5 Evocations


You had 9 spell levels left.
You knew the following spells:

 Your Spells              Type           Power        Failure   Level  Hunger
a - Magic Dart            Conj           ####         0%          1    None
b - Flame Tongue          Conj/Fire      #####        0%          1    None
c - Mephitic Cloud        Conj/Pois/Air  #######.     0%          3    None
d - Blink                 Tloc           N/A          1%          2    None
e - Iskenderun's Mystic   Conj           #######.     0%          4    None
f - Force Lance           Conj/Tloc      #######.     1%          4    None
g - Shroud of Golubria    Chrm/Tloc      #######...   1%          2    None
h - Dazzling Spray        Conj/Hex       #######.     1%          3    None
i - Iskenderun's Battles  Conj/Chrm      #######.     1%          5    None
j - Conjure Ball Lightni  Conj/Air       ########..   1%          6    None
k - Freezing Cloud        Conj/Ice/Air   ########..   1%          6    None
l - Lightning Bolt        Conj/Air       ########..   0%          5    None
m - Swiftness             Chrm/Air       ########     0%          2    None
n - Passage of Golubria   Tloc           N/A          1%          4    None
o - Apportation           Tloc           #######...   1%          1    None
p - Portal Projectile     Tloc           ######       1%          3    None
q - Bolt of Draining      Conj/Necr      #######...   1%          5    None
r - Repel Missiles        Chrm/Air       ######       0%          2    None
s - Tornado               Air            ########..   2%          9    ####...
R - Regeneration          Chrm/Necr      ######....   1%          3    None


Dungeon Overview and Level Annotations

Branches:
Dungeon (15/15)            Temple (1/1) D:4            Lair (8/8) D:9
  Swamp (4/4) Lair:3        Snake (4/4) Lair:6        Slime (0/6) Lair:7
    Orc (2/2) D:12            Elf (3/3) Orc:2        Vaults (5/5) D:14
  Crypt (3/3) Vaults:2       Tomb (0/3) Crypt:3      Depths (5/5) D:15
    Zot (5/5) Depths:5

Altars:
Fedhas
Gozag
Kikubaaqudgha
Makhleb
Nemelex Xobeh
Pakellas
Qazlal
Trog
Vehumet
Yredelemnul
Zin
The Shining One
Beogh
Jiyva
Lugonu

Shops:
D:11 ?}[   D:12 (   D:14 }[*[   Orc:2 ?(}[   Vaults:1 *   Vaults:4 *
Vaults:5 !%%

Portals:
Hell: Depths:1 Depths:2 Depths:3 Depths:4 Depths:5
Abyss: Depths:1 Depths:4 Depths:5
Pandemonium: Depths:1 Depths:3 Depths:4
Ziggurat: Depths:1
Trove: D:12 (give +3 gold dragon armour)

Annotations:
D:8 Mefis's ghost, novice DEWz
Lair:1 exclusion: oklob plant
Swamp:4 Lernaean hydra


Message History

There is a stone staircase leading down here.
An orange demon and a pandemonium lord come into view.
The orange demon screeches!
Sunyrez gestures.
Sunyrez summons a servant imbued with its destructive magic!
Casting: Tornado
Confirm with . or Enter, or press ? or * to list all spells.
You feel quick.
Sunyrez gestures.
The tormentor calls on the powers of darkness!
Your body is wracked with pain!
The tormentor calls on the powers of darkness!
Your body is wracked with pain!
Sunyrez gestures.
Sunyrez gestures next to you.
The metal wall shatters!
The blast of metal fragments hits you!
* * * LOW HITPOINT WARNING * * *
Sunyrez gestures next to you.
The metal wall shatters!
The blast of metal fragments hits you!
You die...

#.................# ##
#.......1..4......# #.
#....2..4&.1......##########.
#.?...######.................
#...4.# #&.............###
#.....# #..............#
#..4..# #..............#
#....&# #.....###......#
#.....######@[...# ######.###
#................# #....
#.........)<.....# #....
#....##'##.......# #....
#....#...#.......# #....
#....#...#.......# #....
#....#...#.......# ##...
#....#...#.......# #...
#....###.#.....}.#########...


You could see Sunyrez, a Brimstone Fiend and an orange demon.

Vanquished Creatures
  An orb of fire (Zot:5)
  3 ancient liches
  Mennas (Vaults:3)
  Mara (Depths:4)
  A pandemonium lord (D:15)
  Sojobo (Crypt:1)
  Vashnia (Snake:3)
  4 Killer Klowns (Zot:5)
  A curse toe (Zot:5)
  Norris (Elf:2)
  Saint Roka (Vaults:1)
  Xtahua (Vaults:4)
  5 golden dragons
  Nikola (Elf:1)
  Jory (Crypt:3)
  the Enchantress (Depths:3)
  2 bone dragons
  2 electric golems
  Rupert (Orc:2)
  A shard shrike skeleton (Crypt:1)
  14 tentacled monstrosities
  13 liches
  Asterion (Elf:3)
  3 deep elf master archers (Elf:3)
  24 Orb Guardians
  3 deep elf blademasters
  7 titans (Vaults:5)
  An ancient champion (Vaults:2)
  3 death cobs
  2 sphinxes (shapeshifter) (Depths:4)
  An Executioner (Zot:1)
  Kirke (Swamp:2)
  4 sphinxes
  Agnes (Elf:1)
  2 draconian monks
  4 storm dragons
  2 thorn hunters
  10 shadow dragons
  Roxanne (Elf:1)
  8 greater nagas
  8 tengu reavers
  A revenant (Crypt:3)
  9 frost giants
  5 fire giants
  18 vault wardens
  An orc warlord (Vaults:5)
  3 draconian knights
  2 iron dragons (Vaults:5)
  Donald (Swamp:3)
  Wiglaf (Crypt:2)
  A frost giant (shapeshifter) (Depths:4)
  A curse skull (Crypt:2)
  15 deep elf sorcerers
  A draconian scorcher (Zot:5)
  A draconian zealot (Zot:4)
  9 deep elf elementalists
  17 ironheart preservers
  4 ghost moths
  15 ghouls
  Aizul (Crypt:1)
  13 war gargoyles
  2 draconian shifters (Zot:5)
  A caustic shrike skeleton (Depths:3)
  4 draconian annihilators
  A draconian caller (Depths:5)
  3 spriggan defenders (Depths:3)
  23 very ugly things
  24 stone giants
  Nessos (D:15)
  7 green draconians
  A juggernaut skeleton (Crypt:2)
  7 deep elf demonologists
  3 mottled draconians
  19 vampire knights
  5 black draconians
  12 deep elf annihilators
  4 salamander stormcallers
  6 white draconians
  6 yellow draconians
  A red draconian (Zot:1)
  2 purple draconians (Zot:5)
  A dire elephant (shapeshifter) (Depths:4)
  Azrael (Snake:3)
  6 spark wasps
  4 eidola
  8 deep elf death magi
  10 crystal guardians
  14 ettins
  A minotaur (Lab)
  17 fire dragons
  Snorg (Orc:1)
  A quicksilver dragon zombie (Crypt:3)
  6 death oozes (Crypt:2)
  13 yaktaur captains
  Josephine (Lair:5)
  10 jiangshi
  An entropy weaver (shapeshifter) (Depths:4)
  35 vault guards
  8 deep elf high priests
  18 naga warriors
  13 ice dragons
  6 entropy weavers
  6 rakshasas
  8 great orbs of eyes
  An anaconda (shapeshifter) (Depths:4)
  2 spriggan air magi
  6 centaur warriors
  A ghost crab (Swamp:4)
  A ghost crab (shapeshifter) (Depths:4)
  13 anacondas
  8 death knights
  2 catoblepae
  23 hydras
  8 alligators
  8 deep troll shamans
  20 ogre magi
  52 dancing weapons
  28 death yaks
  6 deep troll earth magi
  3 hell hogs (Depths:2)
  A hell hog (shapeshifter) (Depths:4)
  4 tengu warriors
  A titan zombie (Depths:3)
  20 naga sharpshooters
  4 spriggan berserkers
  6 vampire magi
  8 hell knights
  An iron golem (Depths:3)
  4 orc high priests
  A soul eater (Crypt:2)
  Sonja (D:15)
  22 deep elf knights
  3 large abominations (Depths:3)
  16 shock serpents
  A shock serpent (shapeshifter) (Depths:5)
  3 fire crabs
  A sun demon (D:15)
  A shadow wraith (Vaults:5)
  32 skeletal warriors
  4 golden dragon zombies
  2 spriggan druids
  3 iron trolls
  A spark wasp zombie (Depths:3)
  19 deep trolls
  4 unseen horrors
  A sea snake (shapeshifter) (Depths:4)
  4 shambling mangroves
  3 wizards
  8 flayed ghosts
  4 hill giants
  10 giant orange brains
  4 lindwurms (D:13)
  5 salamander mystics
  16 phantasmal warriors
  A shadow demon (Zot:4)
  Pikel (D:4)
  A sphinx zombie (Vaults:5)
  10 naga ritualists
  3 golden dragon skeletons
  4 harpies (Vaults:3)
  20 ironbrand convokers
  5 obsidian statues
  6 swamp dragons
  9 necromancers
  A shadow dragon zombie (Crypt:3)
  2 frost giant zombies (Depths:3)
  67 deep elf magi
  8 mana vipers
  12 orc sorcerers
  61 ugly things
  35 deep elf archers
  8 griffons
  2 iron dragon zombies
  A hill giant (shapeshifter) (Depths:4)
  A wolf spider (shapeshifter) (Vaults:4)
  A mana viper (shapeshifter) (Depths:4)
  2 wolf spider zombies (D:15)
  25 orc knights
  A hornet (shapeshifter) (Vaults:2)
  An oklob plant (D:10)
  3 moths of wrath (shapeshifter)
  2 salamanders (shapeshifter)
  A shining eye (shapeshifter) (Vaults:5)
  5 wolf spiders
  11 cyclopes
  A faun (shapeshifter) (Depths:4)
  A manticore (D:12)
  A cyclops (shapeshifter) (Vaults:5)
  5 hornets
  2 centaur zombies
  A stone giant skeleton (Vaults:5)
  8 salamanders
  12 moths of wrath
  An eye of devastation (shapeshifter) (Depths:4)
  2 molten gargoyles (Depths:4)
  2 rust devils
  A titan simulacrum (Crypt:2)
  4 guardian serpents
  An elephant (shapeshifter) (Depths:2)
  14 naga magi
  Joseph (D:7)
  29 black mambas
  14 elephants
  2 ice statues (IceCv)
  10 gargoyles
  An orange demon (Depths:1)
  A torpor snail (Lair:6)
  12 vault sentinels
  A shock serpent skeleton (Crypt:3)
  16 spiny frogs
  A catoblepas zombie (Crypt:3)
  A spriggan skeleton (Depths:3)
  39 yaktaurs
  12 komodo dragons
  4 hellions
  A kobold demonologist (Vaults:2)
  A komodo dragon (shapeshifter) (Vaults:2)
  13 freezing wraiths
  4 rime drakes
  3 guardian mummies (Crypt:1)
  A red devil (Crypt:1)
  4 jumping spiders
  An entropy weaver zombie (D:15)
  A merfolk (shapeshifter) (Vaults:5)
  A queen bee (shapeshifter) (Depths:1)
  2 ice devils (Depths:1)
  A death yak skeleton (Crypt:2)
  3 tengu conjurers
  10 trolls
  A polar bear (shapeshifter) (Depths:4)
  26 two-headed ogres
  A sea snake skeleton (Crypt:1)
  A wind drake (Depths:4)
  A harpy skeleton (Crypt:3)
  3 boulder beetles
  3 polar bears (Lair:8)
  18 blink frogs
  3 snapping turtles (shapeshifter) (Depths:4)
  13 bog bodies
  A hornet zombie (Crypt:2)
  23 slime creatures
  3 giant leeches
  An ice dragon zombie (D:15)
  A raiju (shapeshifter) (Vaults:4)
  3 raiju (Depths:4)
  A fire dragon zombie (Crypt:3)
  A fire giant simulacrum (Vaults:3)
  Sigmund (D:5)
  A spriggan (shapeshifter) (Vaults:1)
  An ettin zombie (D:15)
  A centaur simulacrum (D:15)
  A redback (shapeshifter) (Vaults:5)
  A stone giant simulacrum (Vaults:1)
  40 flying skulls
  6 shadows
  14 spriggans
  2 tarantellas
  10 air elementals
  An ettin skeleton (Vaults:5)
  14 redbacks
  6 wyverns
  A dire elephant simulacrum (Crypt:2)
  18 wraiths
  A human (shapeshifter) (Vaults:5)
  2 elf skeletons (Depths:3)
  A hog (shapeshifter) (Vaults:2)
  7 vampires (D:12)
  10 fire elementals
  3 hogs (Swamp:2)
  4 basilisks
  63 yaks
  10 hippogriffs
  A chaos spawn (Zot:5)
  2 hungry ghosts
  10 water elementals
  A basilisk (shapeshifter) (Depths:4)
  5 wargs
  47 vampire mosquitoes
  Edmund (D:4)
  62 nagas
  A mottled dragon (shapeshifter) (Elf:1)
  A putrid demonspawn zombie (Crypt:2)
  10 insubstantial wisps
  2 mottled dragons
  23 swamp worms
  16 water moccasins
  Duvessa (D:7)
  A giant eyeball (Depths:5)
  10 hell hounds
  3 giant eyeballs (shapeshifter)
  16 swamp drakes
  12 porcupines
  An eye of draining (D:10)
  3 phantoms
  17 iguanas
  6 sky beasts
  19 ice beasts
  22 wasps
  5 black bears
  6 necrophages
  A spiny frog skeleton (Crypt:3)
  A slave (D:4)
  A black bear (shapeshifter) (Depths:1)
  59 orc warriors
  A blink frog zombie (Crypt:2)
  5 boggarts
  A swamp dragon zombie (Crypt:1)
  An ogre (shapeshifter) (Vaults:4)
  30 wolves
  70 ogres
  An ettin simulacrum (Vaults:1)
  19 centaurs
  A blink frog skeleton (Crypt:2)
  22 crocodiles
  Blork the orc (D:4)
  5 big kobolds
  Dowan (D:7)
  25 giant frogs
  2 wyvern zombies
  10 earth elementals
  5 scorpions
  A hippogriff zombie (Crypt:1)
  A water moccasin skeleton (D:9)
  10 killer bees
  An oklob sapling (D:10)
  A polar bear skeleton (Crypt:1)
  13 electric eels
  7 wights
  6 crimson imps
  A lava snake (D:12)
  3 quasits
  9 hounds
  14 human zombies
  4 jellies
  A demonspawn zombie (Crypt:2)
  7 centaur skeletons
  33 orc priests
  4 gnoll shamans
  9 iron imps
  28 orc wizards
  2 human skeletons
  6 worker ants
  23 sheep
  3 tengu skeletons
  A hound zombie (D:7)
  2 hound skeletons
  3 mummies (Crypt:1)
  2 worker ant zombies
  Robin (D:3)
  16 adders
  21 gnolls
  102 river rats
  A swamp drake zombie (Crypt:1)
  3 shadow imps
  A white imp (Depths:1)
  An adder zombie (D:5)
  4 worms
  10 ball lightnings (Depths:4)
  11 dart slugs (D:7)
  6 giant geckos
  131 orcs
  19 bats
  8 giant cockroaches
  14 goblins
  15 hobgoblins
  7 jackals
  16 kobolds
  A quokka (shapeshifter) (Depths:4)
  2 quokkas (D:3)
  7 ball pythons
  2 giant gecko zombies
  3 giant newts
  A jackal zombie (Crypt:2)
  2 quokka skeletons
  19 rats
  A rat skeleton (Crypt:2)
  12 crawling corpses
  6 fungi
  8 lost souls
  3 plants (D:10)
  5 withered plants (D:15)
3083 creatures vanquished.

Vanquished Creatures (collateral kills)
  An orb of fire (Zot:5)
  A shambling mangrove (Swamp:1)
  A black mamba (Lair:2)
  A guardian serpent (Snake:4)
  A spiny frog (Lair:2)
  A two-headed ogre (Depths:1)
  A giant leech (Swamp:1)
  A water moccasin (Lair:2)
  An orc warrior (Vaults:1)
  2 wasps (Swamp:1)
  A killer bee (D:10)
12 creatures vanquished.

Vanquished Creatures (others)
  A mottled draconian (Depths:5)
  A moth of wrath (Zot:5)
  2 humans (Swamp:2)
  2 water elementals (Depths:4)
  A fire elemental (Snake:3)
  A hell hound (shapeshifter) (Depths:4)
  A slave (D:4)
  An ogre (Vaults:1)
  A wight (Vaults:2)
  A worker ant (shapeshifter) (Depths:4)
  A sheep (D:15)
  A ball lightning (Depths:4)
  A giant cockroach (D:4)
  A bush (D:10)
  A fulminant prism (D:8)
  33 fungi
  A lost soul (Crypt:3)
  23 plants
  25 withered plants
99 creatures vanquished.

Grand Total: 3194 creatures vanquished

Notes
Turn   | Place    | Note
--------------------------------------------------------------
     0 | D:1      | nubinia the High Elf Wizard began the quest for the Orb.
     0 | D:1      | Reached XP level 1. HP: 11/11 MP: 6/6
   543 | D:1      | Reached XP level 2. HP: 17/17 MP: 8/8
   547 | D:1      | Learned a level 2 spell: Repel Missiles
  1157 | D:2      | Reached XP level 3. HP: 21/21 MP: 5/9
  1162 | D:2      | Learned a level 3 spell: Conjure Flame
  1166 | D:2      | Learned a level 3 spell: Mephitic Cloud
  1639 | D:2      | Reached skill level 1 in Air Magic
  1639 | D:2      | Reached XP level 4. HP: 21/27 MP: 3/11
  2029 | D:3      | Noticed Robin
  2543 | D:3      | Killed Robin
  2696 | D:3      | Reached XP level 5. HP: 29/31 MP: 8/13
  2712 | D:3      | Learned a level 2 spell: Blink
  2715 | D:3      | Learned a level 2 spell: Call Imp
  3294 | D:4      | Found a staircase to the Ecumenical Temple.
  3295 | D:4      | Noticed Edmund
  3308 | D:4      | Killed Edmund
  3308 | D:4      | Reached skill level 5 in Spellcasting
  3308 | D:4      | Reached XP level 6. HP: 37/37 MP: 9/14
  3314 | Temple   | Entered the Ecumenical Temple
  3323 | Temple   | Became a worshipper of Vehumet
  3351 | D:4      | Noticed a slave
  3352 | D:4      | Noticed a slave
  3352 | D:4      | Noticed Pikel
  3353 | D:4      | Noticed a slave
  3353 | D:4      | Noticed a slave
  3427 | D:4      | Killed a slave
  3467 | D:4      | Killed Pikel
  3467 | D:4      | Reached skill level 1 in Fighting
  3467 | D:4      | Reached skill level 1 in Poison Magic
  3467 | D:4      | Reached XP level 7. HP: 17/43 MP: 14/16
  4292 | D:4      | Got a translucent dagger
  4293 | D:4      | Identified the +6 dagger "Rocoj" {flame, Str+3} (You found it on level 4 of the Dungeon)
  4342 | D:4      | Noticed Blork the orc
  4354 | D:4      | Killed Blork the orc
  4354 | D:4      | Reached XP level 8. HP: 48/48 MP: 15/18
  4458 | D:5      | Entered Level 5 of the Dungeon
  4488 | D:5      | Reached skill level 1 in Short Blades
  4488 | D:5      | Reached skill level 5 in Air Magic
  4650 | D:5      | Reached skill level 5 in Stealth
  4650 | D:5      | Reached skill level 5 in Conjurations
  5107 | D:5      | Reached * piety under Vehumet
  5107 | D:5      | Offered knowledge of Flame Tongue by Vehumet.
  5110 | D:5      | Learned a level 1 spell: Flame Tongue
  5151 | D:5      | Found an ancient bone altar of Kikubaaqudgha.
  5152 | D:5      | Found a sparkling altar of Nemelex Xobeh.
  5152 | D:5      | Found an opulent altar of Gozag.
  5152 | D:5      | Found a burning altar of Makhleb.
  5166 | D:5      | Found a basalt altar of Yredelemnul.
  5166 | D:5      | Found a stormy altar of Qazlal.
  5207 | D:5      | Noticed Sigmund
  5279 | D:5      | Killed Sigmund
  5279 | D:5      | Reached skill level 5 in Dodging
  5904 | D:6      | Reached XP level 9. HP: 54/54 MP: 15/20
  6963 | D:6      | Found a glowing golden altar of the Shining One.
  7088 | D:6      | Reached skill level 1 in Fire Magic
  7218 | D:7      | Noticed Dowan
  7219 | D:7      | Noticed Duvessa
  7233 | D:7      | Offered knowledge of Searing Ray by Vehumet.
  7250 | D:7      | Killed Duvessa
  7252 | D:7      | Killed Dowan
  7252 | D:7      | Reached ** piety under Vehumet
  7339 | D:7      | Noticed a hill giant
  7386 | D:7      | Noticed a spark wasp
  7386 | D:7      | a hill giant changed into a spark wasp
  7392 | D:7      | Killed a spark wasp
  7560 | D:7      | Noticed Joseph
  7573 | D:7      | Killed Joseph
  7573 | D:7      | Reached XP level 10. HP: 29/60 MP: 13/22
  9399 | D:8      | Noticed Mefis's ghost (novice DEWz)
  9587 | D:8      | Offered knowledge of Inner Flame by Vehumet.
  9717 | D:8      | Found an oddly glowing altar of Pakellas.
  9752 | D:8      | Reached skill level 1 in Bows
 10059 | D:9      | Reached *** piety under Vehumet
 10235 | D:9      | Found a staircase to the Lair.
 10741 | D:9      | Offered knowledge of Fulminant Prism by Vehumet.
 11068 | Lair:1   | Entered Level 1 of the Lair of Beasts
 11152 | Lair:1   | Noticed an oklob plant
 11311 | Lair:1   | Reached XP level 11. HP: 38/64 MP: 24/24
 11475 | Lair:1   | Reached skill level 5 in Bows
 11493 | Lair:1   | Reached **** piety under Vehumet
 11576 | Lair:1   | You fall through a shaft!
 11821 | Lair:1   | Offered knowledge of Stone Arrow by Vehumet.
 12034 | Lair:1   | Noticed a five-headed hydra
 12917 | Lair:2   | Reached skill level 1 in Summonings
 13639 | Lair:1   | Killed a five-headed hydra
 13805 | Lair:1   | Reached ***** piety under Vehumet
 14289 | Lair:3   | Offered knowledge of Orb of Destruction by Vehumet.
 14432 | Lair:3   | Noticed a death yak
 14432 | Lair:3   | Noticed a death yak
 14432 | Lair:3   | Noticed a death yak
 14433 | Lair:3   | Noticed a death yak
 14447 | Lair:3   | Noticed a death yak
 14458 | Lair:3   | Killed a death yak
 14474 | Lair:3   | Killed a death yak
 14519 | Lair:2   | Killed a death yak
 14735 | Lair:2   | Reached skill level 10 in Spellcasting
 14790 | Lair:2   | Reached XP level 12. HP: 25/72 MP: 19/27
 15068 | D:10     | Entered Level 10 of the Dungeon
 15580 | D:10     | Reached skill level 10 in Bows
 16098 | D:10     | Got an iridescent falchion
 16099 | D:10     | Identified the +8 falchion of the Onslaught {pain, SInv} (You found it on level 10 of the Dungeon)
 16133 | D:10     | Found a blossoming altar of Fedhas.
 16239 | D:11     | Found Nolunt's Armour Emporium.
 16279 | D:11     | Found Zuaf's Gadget Shop.
 16431 | D:11     | Offered knowledge of Bolt of Cold by Vehumet.
 16558 | D:11     | Found Niykeq's Magic Scroll Emporium.
 16620 | D:11     | Found a labyrinth entrance.
 16629 | Lab      | Entered a labyrinth
 16698 | Lab      | Noticed a minotaur
 16705 | Lab      | Killed a minotaur
 17498 | D:11     | Reached skill level 1 in Armour
 18124 | Lair:3   | Killed a death yak
 18124 | Lair:3   | Reached skill level 10 in Stealth
 18127 | Lair:3   | Offered knowledge of Delayed Fireball by Vehumet.
 18149 | Lair:3   | Killed a death yak
 18293 | Lair:3   | Found a staircase to the Swamp.
 19070 | D:12     | Found a portal to a secret trove of treasure.
 19079 | D:12     | Found a staircase to the Orcish Mines.
 19083 | D:12     | Found Zaneffat's Weapon Emporium.
 19096 | D:12     | Reached skill level 5 in Short Blades
 19364 | D:12     | Reached XP level 13. HP: 77/77 MP: 28/28
 19657 | D:12     | Gained mutation: You are clumsy. (Dex -2) [mutagenic meat]
 19658 | D:12     | Gained mutation: You possess an exceptional clarity of mind. [mutagenic meat]
 19660 | D:12     | Gained mutation: You are weak. (Str -2) [mutagenic meat]
 19661 | D:12     | Lost mutation: You are clumsy. (Dex -2) [potion of cure mutation]
 19661 | D:12     | Lost mutation: You are weak. (Str -2) [potion of cure mutation]
 19661 | D:12     | Lost mutation: You possess an exceptional clarity of mind. [potion of cure mutation]
 19690 | Orc:1    | Entered Level 1 of the Orcish Mines
 19828 | Orc:1    | Found a frozen archway.
 19846 | IceCv    | Entered an ice cave
 19861 | IceCv    | Offered knowledge of Iskenderun's Battlesphere by Vehumet.
 19868 | IceCv    | Reached skill level 10 in Conjurations
 19875 | IceCv    | Learned a level 5 spell: Iskenderun's Battlesphere
 19923 | IceCv    | Identified a +2 rod of inaccuracy (13/13) (You found it in a labyrinth)
 20084 | IceCv    | Got a transparent hunting sling
 20098 | IceCv    | Identified the +4 hunting sling of Popular Demand {freeze, MR++ MP+9 Str+3 Dex-2} (You found it in an ice cave)
 20278 | Orc:1    | Found a bloodstained altar of Trog.
 20304 | Orc:1    | Reached skill level 1 in Charms
 20487 | Orc:1    | Found a roughly hewn altar of Beogh.
 20614 | Orc:2    | Entered Level 2 of the Orcish Mines
 20614 | Orc:2    | Noticed Snorg
 20648 | Orc:2    | Reached skill level 10 in Air Magic
 20673 | Orc:1    | Killed Snorg
 20914 | Orc:1    | Reached skill level 1 in Evocations
 21193 | Orc:2    | Found a staircase to the Elven Halls.
 21735 | Orc:2    | Noticed Rupert
 21769 | Orc:2    | Killed Rupert
 21896 | Orc:2    | Found Qery's Armour Boutique.
 22563 | Orc:2    | Reached skill level 5 in Charms
 22571 | Orc:2    | Reached ****** piety under Vehumet
 22571 | Orc:2    | Offered knowledge of Iron Shot by Vehumet.
 22676 | Orc:2    | Reached XP level 14. HP: 83/83 MP: 19/31
 22815 | Orc:2    | Found Acuulud's Gadget Emporium.
 22815 | Orc:2    | Found Jicrewki's Antique Weapon Emporium.
 22825 | Orc:2    | Found Ewourilu's Magic Scroll Shop.
 22825 | Orc:2    | Found Muotox's General Store.
 22884 | Orc:2    | Bought a glowing falchion for 96 gold pieces
 23092 | Elf:1    | Entered Level 1 of the Elven Halls
 23318 | Elf:1    | Noticed Nikola
 23332 | Elf:1    | Killed Nikola
 23534 | Elf:1    | Learned a level 4 spell: Force Lance
 23565 | Elf:1    | Reached skill level 5 in Fire Magic
 25199 | Elf:1    | Learned a level 3 spell: Dazzling Spray
 25234 | Elf:1    | Noticed Agnes
 25242 | Elf:1    | Killed Agnes
 25457 | Elf:1    | Noticed Roxanne
 25895 | Elf:1    | Gained mutation: Your spells are a little harder to cast, but a little more powerful. [mutagenic meat]
 25896 | Elf:1    | Gained mutation: Scrolls take you a little longer to read. [mutagenic meat]
 25897 | Elf:1    | Gained mutation: You are agile. (Dex +2) [mutagenic meat]
 26540 | Lair:4   | Offered knowledge of Conjure Ball Lightning by Vehumet.
 26548 | Lair:4   | Learned a level 6 spell: Conjure Ball Lightning
 26897 | Lair:4   | Got a pair of slimy gloves
 26908 | Lair:4   | Identified the +2 pair of gloves of Incorporation {rF+ Regen+} (You found it on level 4 of the Lair of Beasts)
 27671 | Lair:4   | Upgraded the game from 0.18.1-6-gd335043 to 0.18.1-8-gdd0e5ea
 28183 | Lair:5   | Offered knowledge of Freezing Cloud by Vehumet.
 28212 | Lair:5   | Learned a level 6 spell: Freezing Cloud
 28306 | Lair:5   | Reached skill level 1 in Ice Magic
 28363 | Lair:5   | Noticed Josephine
 28403 | Lair:5   | Killed Josephine
 28403 | Lair:5   | Reached XP level 15. HP: 90/90 MP: 8/33
 29110 | Lair:6   | Reached skill level 1 in Hexes
 29316 | Lair:6   | Found a basalt altar of Yredelemnul.
 29760 | Lair:6   | Found a staircase to the Snake Pit.
 30757 | Lair:7   | Found a viscous altar of Jiyva.
 30757 | Lair:7   | Found a staircase to the Slime Pits.
 31148 | Lair:7   | Offered knowledge of Glaciate by Vehumet.
 31148 | Lair:7   | Offered knowledge of Chain Lightning by Vehumet.
 31148 | Lair:7   | Offered knowledge of Tornado by Vehumet.
 31626 | Lair:8   | Entered Level 8 of the Lair of Beasts
 31751 | Lair:8   | Learned a level 4 spell: Iskenderun's Mystic Blast
 31836 | Lair:8   | Reached skill level 5 in Ice Magic
 32864 | Lair:8   | Reached skill level 15 in Bows
 33543 | Swamp:1  | Entered Level 1 of the Swamp
 33598 | Swamp:1  | Reached XP level 16. HP: 95/95 MP: 18/34
 34579 | Swamp:2  | Noticed a thorn hunter
 34744 | Swamp:2  | Killed a thorn hunter
 34768 | Swamp:2  | Noticed Kirke
 34805 | Swamp:2  | Killed Kirke
 35195 | Swamp:2  | Identified a scroll of acquirement
 35195 | Swamp:2  | Got an ancient cloak
 35206 | Swamp:2  | Identified the +1 cloak of Ribrolut {rElec rC- Dex+2 Stlth+} (You acquired it on level 2 of the Swamp)
 36126 | Swamp:3  | Noticed a thorn hunter
 36132 | Swamp:3  | Killed a thorn hunter
 36224 | Swamp:3  | Noticed Donald
 36238 | Swamp:3  | Killed Donald
 36668 | Swamp:4  | Entered Level 4 of the Swamp
 38193 | Swamp:4  | Reached skill level 5 in Translocations
 38415 | Swamp:4  | Reached skill level 15 in Spellcasting
 38519 | Swamp:4  | Reached XP level 17. HP: 99/99 MP: 10/37
 38561 | Swamp:4  | Noticed the 27-headed Lernaean hydra
 38960 | Swamp:4  | Got a decaying rune of Zot
 40240 | D:12     | Found an ancient bone altar of Kikubaaqudgha.
 40243 | D:12     | Got a scorched steel ring
 40255 | D:12     | Identified the ring "Hexiuck" {*Confuse rElec rC+ MR++ EV+5} (You took it off a vampire on level 12 of the Dungeon)
 41890 | D:13     | Got a bound silver ring
 41893 | D:13     | Identified the ring of the Archfiend {+Fly rC+ MP+9 Int+4} (You found it on level 13 of the Dungeon)
 41995 | D:14     | Found Ranytoih's Armour Emporium.
 41995 | D:14     | Found Rogaonye's General Store.
 41995 | D:14     | Found Tawkyxt's Armour Emporium.
 42017 | D:14     | Bought a scroll of acquirement for 780 gold pieces
 42017 | D:14     | Identified a +2 rod of shadows (14/14) (You found it on level 13 of the Dungeon)
 42067 | D:14     | Bought a +0 cloak of magic resistance for 161 gold pieces
 42083 | D:14     | Bought the +5 swamp dragon armour "Acuaxzet" {rPois rN+ MP-9 Int+2 Slay+3} for 1429 gold pieces
 42113 | D:14     | Found Zeyrghy's Gadget Shoppe.
 42453 | D:14     | Found a gate to the Vaults.
 43455 | D:10     | Identified the Grimoire of Nature
 43642 | Snake:1  | Entered Level 1 of the Snake Pit
 43656 | Snake:1  | Learned a level 2 spell: Shroud of Golubria
 43660 | Snake:1  | Learned a level 3 spell: Regeneration
 45687 | Snake:3  | Noticed Azrael
 45919 | Snake:3  | Killed Azrael
 46097 | Snake:3  | Reached skill level 10 in Ice Magic
 46099 | Snake:3  | Reached XP level 18. HP: 68/106 MP: 7/38
 46295 | Snake:3  | Reached skill level 10 in Dodging
 46543 | Snake:3  | Got a transparent helmet
 46546 | Snake:3  | Identified the +2 helmet of Appe {Slay+2} (You found it on level 3 of the Snake Pit)
 46645 | Snake:3  | Learned a level 5 spell: Lightning Bolt
 47224 | Snake:3  | Noticed Vashnia
 47263 | Snake:3  | Killed Vashnia
 47498 | Snake:4  | Entered Level 4 of the Snake Pit
 49693 | Snake:4  | Reached XP level 19. HP: 109/111 MP: 24/40
 49847 | Snake:4  | Got a serpentine rune of Zot
 50325 | Vaults:1 | Entered Level 1 of the Vaults
 50527 | Vaults:1 | Found Ollan's General Store.
 50914 | Vaults:1 | Got an ichor-stained hat
 50917 | Vaults:1 | Identified the +2 hat of Vuham {*Contam rPois rC+} (You found it on level 1 of the Vaults)
 50960 | Vaults:1 | Found a radiant altar of Vehumet.
 50972 | Vaults:1 | Got a slimy robe
 50975 | Vaults:1 | Identified the cursed +0 robe of the Seven Spirits {rElec Int+2} (You found it on level 1 of the Vaults)
 51195 | Vaults:1 | Noticed Saint Roka
 51220 | Vaults:1 | Killed Saint Roka
 52951 | Vaults:2 | Found a staircase to the Crypt.
 53649 | Vaults:2 | Reached XP level 20. HP: 115/117 MP: 24/41
 53945 | Vaults:3 | Got a faintly glowing long sword
 53948 | Vaults:3 | Identified the cursed +0 long sword of Ruination {slice, rN++} (You found it on level 3 of the Vaults)
 54299 | Vaults:3 | Reached skill level 15 in Conjurations
 54947 | Vaults:3 | Reached skill level 5 in Armour
 56597 | Elf:1    | Killed Roxanne
 57408 | Elf:2    | Found a runed gate.
 57416 | Elf:2    | Found a runed gate.
 57418 | Elf:2    | Found a runed gate.
 57864 | Elf:2    | Noticed Norris
 57880 | Elf:2    | Reached XP level 21. HP: 122/122 MP: 19/43
 57940 | Elf:2    | Killed Norris
 58721 | Elf:3    | Entered Level 3 of the Elven Halls
 58816 | Elf:3    | Noticed Asterion
 58822 | Elf:3    | Killed Asterion
 61030 | Elf:3    | Got a scorched iron ring
 61033 | Elf:3    | Identified the ring of Zedunob {Ice rPois} (You took it off a deep elf mage on level 3 of the Elven Halls)
 61143 | Elf:3    | Got a crude quarterstaff
 61146 | Elf:3    | Identified the +5 quarterstaff of Linearity {speed, +Rage rN+++ Str+3 Int-2} (You found it on level 3 of the Elven Halls)
 61168 | Elf:3    | Got a vibrating bronze ring
 61171 | Elf:3    | Identified the ring of Xom's Malicious Joy {rCorr Int+2} (You found it on level 3 of the Elven Halls)
 61196 | Elf:3    | Got a warped quarterstaff
 61199 | Elf:3    | Identified the +8 quarterstaff of Nuir {flame, MP+9} (You found it on level 3 of the Elven Halls)
 61245 | Elf:3    | Learned a level 2 spell: Swiftness
 61250 | Elf:3    | Learned a level 4 spell: Passage of Golubria
 61719 | Crypt:1  | Entered Level 1 of the Crypt
 62144 | Crypt:1  | Noticed Aizul
 62152 | Crypt:1  | Killed Aizul
 62265 | Crypt:1  | Noticed Sojobo
 62293 | Crypt:1  | Reached XP level 22. HP: 99/128 MP: 32/45
 62314 | Crypt:1  | Killed Sojobo
 63570 | Crypt:1  | Found an ancient bone altar of Kikubaaqudgha.
 64900 | Crypt:2  | Got a pair of polished gloves
 64911 | Crypt:2  | Identified the +3 pair of gloves of the King of the Hill {rElec rC+ rN+} (You acquired it on level 2 of the Crypt)
 65033 | Crypt:2  | Learned a level 1 spell: Apportation
 65053 | Crypt:2  | Lost mutation: Scrolls take you a little longer to read. [potion of cure mutation]
 65053 | Crypt:2  | Lost mutation: Your spells are a little harder to cast, but a little more powerful. [potion of cure mutation]
 65054 | Crypt:2  | Gained mutation: You possess an exceptional clarity of mind. [potion of mutation]
 65054 | Crypt:2  | Gained mutation: You have large cloven feet. [potion of mutation]
 65054 | Crypt:2  | Gained mutation: Your muscles are strong. (Str +2) [potion of mutation]
 65461 | Crypt:2  | Noticed Wiglaf
 65469 | Crypt:2  | Killed Wiglaf
 66183 | Crypt:3  | Entered Level 3 of the Crypt
 66610 | Crypt:2  | Reached skill level 10 in Charms
 67247 | Crypt:3  | Reached skill level 5 in Fighting
 67876 | Crypt:3  | Found a basalt altar of Yredelemnul.
 67876 | Crypt:3  | Noticed an ancient lich
 67887 | Crypt:3  | Killed an ancient lich
 67887 | Crypt:3  | Reached skill level 10 in Translocations
 68089 | Crypt:3  | Reached XP level 23. HP: 103/135 MP: 27/46
 68703 | Crypt:3  | Noticed Jory
 68930 | Crypt:3  | Killed Jory
 69147 | Crypt:3  | Found a staircase to the Tomb.
 70113 | Vaults:3 | Noticed Mennas
 70171 | Vaults:3 | Killed Mennas
 70606 | Vaults:3 | Reached skill level 27 in Bows
 70806 | Vaults:4 | Noticed Xtahua
 70832 | Vaults:4 | Killed Xtahua
 72489 | Vaults:4 | Found Keugi's Assorted Antiques.
 72497 | Vaults:4 | Bought the +3 Elemental Staff {rElec rF++ rC++ MR++ AC+5} for 3701 gold pieces
 72853 | D:15     | Entered Level 15 of the Dungeon
 73057 | D:15     | Found a staircase to the Depths.
 73106 | D:15     | Reached skill level 15 in Air Magic
 73274 | D:15     | Found a glowing silver altar of Zin.
 73278 | D:15     | Noticed Nessos
 73292 | D:15     | Killed Nessos
 73663 | D:15     | Noticed Sonja
 73668 | D:15     | Killed Sonja
 73747 | D:15     | Found a blossoming altar of Fedhas.
 74098 | Depths:1 | Entered Level 1 of the Depths
 74481 | Depths:1 | Found a gateway to a ziggurat.
 74839 | Depths:1 | Found a one-way gate to the infinite horrors of the Abyss.
 75202 | Depths:1 | Found a one-way gate leading to the halls of Pandemonium.
 75425 | Depths:1 | Reached XP level 24. HP: 119/140 MP: 33/47
 75713 | Depths:1 | Found a gateway to Hell.
 77566 | Depths:3 | Learned a level 3 spell: Portal Projectile
 77593 | Depths:3 | Found a runed door.
 77740 | Depths:3 | Gained mutation: Potions and wands are less effective at restoring your health. [potion of mutation]
 77740 | Depths:3 | Lost mutation: You possess an exceptional clarity of mind. [potion of mutation]
 78464 | Depths:3 | Noticed the Enchantress
 78477 | Depths:3 | Killed the Enchantress
 78756 | Depths:3 | Got a faerie dragon armour
 78757 | Depths:3 | Identified the +3 faerie dragon armour {Str-4 Dex+5} (You took it off the Enchantress on level 3 of the Depths)
 79910 | Depths:3 | Found a radiant altar of Vehumet.
 79910 | Depths:3 | Noticed an ancient lich
 79940 | Depths:3 | Killed an ancient lich
 79940 | Depths:3 | Reached XP level 25. HP: 75/144 MP: 28/47
 80034 | Depths:3 | Identified the Catalogue of Conjuration
 80255 | Depths:4 | Lost mutation: You are agile. (Dex +2) [potion of mutation]
 80258 | Depths:4 | Gained mutation: You have a somewhat thin skeletal structure (Dex +2, Stealth). [potion of mutation]
 80258 | Depths:4 | Gained mutation: You possess an exceptional clarity of mind. [potion of mutation]
 80833 | Depths:4 | Noticed Mara
 80844 | Depths:4 | Noticed nubinia's illusion
 80848 | Depths:4 | Killed Mara
 81748 | Depths:4 | Learned a level 5 spell: Bolt of Draining
 82224 | Depths:4 | Got a brightly glowing tin ring
 82225 | Depths:4 | Identified the ring of Sounu {rCorr *Corrode rElec rC+} (You took it off a salamander stormcaller on level 4 of the Depths)
 82273 | Depths:4 | Got a sapphire flail
 82274 | Depths:4 | Identified the +8 flail of Kaisalas {pain, rN+ MP+9 Int+7} (You found it on level 4 of the Depths)
 83407 | Depths:5 | Entered Level 5 of the Depths
 83645 | Depths:5 | Found a gate to the Realm of Zot.
 84112 | Depths:5 | Got a steaming shortbow
 84113 | Depths:5 | Identified the +8 shortbow of the Assorted Runes {venom, rElec rN+ Str-5 SInv} (You found it on level 5 of the Depths)
 84602 | Depths:5 | Found a corrupted altar of Lugonu.
 84728 | Depths:5 | Gained mutation: You are agile. (Dex +2) [potion of mutation]
 84728 | Depths:5 | Lost mutation: Your muscles are strong. (Str +2) [potion of mutation]
 85545 | Vaults:5 | Entered Level 5 of the Vaults
 85747 | Vaults:4 | Reached XP level 26. HP: 151/151 MP: 36/50
 86688 | Snake:3  | Got a bloodstained shield
 86689 | Snake:3  | Identified the cursed +0 shield "Tathreitz" {+Blink rPois Int-5 Dex+5} (You found it on level 3 of the Snake Pit)
 88014 | Vaults:5 | Got a silver rune of Zot
 89623 | Vaults:5 | Found Paurrego's Distillery.
 89634 | Vaults:5 | Bought a potion of beneficial mutation for 665 gold pieces
 89634 | Vaults:5 | Gained mutation: Your natural rate of healing is unusually fast. [potion of beneficial mutation]
 89642 | Vaults:5 | Found Niwkeffank's Food Shoppe.
 89646 | Vaults:5 | Found Poyhehos's Food Boutique.
 89939 | Vaults:5 | Got a scorched scimitar {freeze}
 90076 | Vaults:5 | Identified the +10 scimitar of Massacring {freeze, -Tele +Fly Dex+5} (You took it off an orc on level 5 of the Vaults)
 90096 | Vaults:5 | Learned a level 9 spell: Tornado
 90672 | Vaults:5 | Got an ebony battleaxe {chop}
 90673 | Vaults:5 | Identified the +3 battleaxe of Udghaely {chop, Int-3 Dex+6 Stlth+} (You took it off a vault warden on level 5 of the Vaults)
 90819 | Vaults:5 | Got a crystal halberd {chop}
 90820 | Vaults:5 | Identified the cursed +1 halberd "Raif" {chop, rPois MR+ Stlth-} (You took it off a deep elf high priest on level 5 of the Vaults)
 91477 | Vaults:5 | Reached XP level 27. HP: 155/155 MP: 30/53
 91517 | Vaults:5 | Got a bloodstained battleaxe {holy}
 91518 | Vaults:5 | Identified the +10 battleaxe of the Spinneret {holy, rElec rF+ rC+ Str+2} (You took it off an ironbrand convoker on level 5 of the Vaults)
 91774 | Vaults:5 | Identified the Collected Works on Conjuration
 92186 | Zot:1    | Entered Level 1 of the Realm of Zot
 93174 | Zot:5    | Entered Level 5 of the Realm of Zot
 94743 | Vaults:4 | Bought a potion of magic for 312 gold pieces
 94866 | Vaults:5 | Bought a potion of heal wounds for 95 gold pieces
 95709 | Zot:5    | Noticed an orb of fire
 95711 | Zot:5    | Lost mutation: Potions and wands are less effective at restoring your health. [an orb of fire]
 95713 | Zot:5    | Gained mutation: Scrolls take you a little longer to read. [an orb of fire]
 95715 | Zot:5    | Noticed an orb of fire
 95721 | Zot:5    | Gained mutation: You are weak. (Str -2) [an orb of fire]
 95866 | Zot:5    | Gained mutation: You expend magic power (3 MP) to strengthen your wands. [an orb of fire]
 95876 | Zot:5    | Lost mutation: You are weak. (Str -2) [potion of cure mutation]
 95876 | Zot:5    | Lost mutation: You possess an exceptional clarity of mind. [potion of cure mutation]
 95876 | Zot:5    | Lost mutation: You are agile. (Dex +2) [potion of cure mutation]
 95876 | Zot:5    | Lost mutation: You have a somewhat thin skeletal structure (Dex +2, Stealth). [potion of cure mutation]
 95876 | Zot:5    | Lost mutation: You expend magic power (3 MP) to strengthen your wands. [potion of cure mutation]
 95876 | Zot:5    | Lost mutation: You have large cloven feet. [potion of cure mutation]
 95880 | Zot:5    | Gained mutation: Armour fits poorly on your strangely shaped body. [an orb of fire]
 95888 | Zot:5    | Killed an orb of fire
 95888 | Zot:5    | Reached skill level 27 in Spellcasting
 95900 | Zot:5    | Killed an orb of fire
 96018 | Zot:5    | Lost mutation: Scrolls take you a little longer to read. [potion of cure mutation]
 96018 | Zot:5    | Lost mutation: Armour fits poorly on your strangely shaped body. [potion of cure mutation]
 96018 | Zot:5    | Lost mutation: Your natural rate of healing is unusually fast. [potion of cure mutation]
 97686 | Zot:5    | Noticed an ancient lich
 97696 | Zot:5    | Killed an ancient lich
 99168 | Zot:5    | Reached skill level 27 in Air Magic
 99192 | Zot:5    | Noticed an orb of fire
 99192 | Zot:5    | Got the Orb of Zot
 99567 | Zot:1    | Noticed Woig the pandemonium lord
 99719 | D:15     | Noticed Ifficwar the pandemonium lord
 99734 | D:15     | Killed Ifficwar the pandemonium lord
 99810 | D:12     | Noticed Sunyrez the pandemonium lord
 99825 | D:12     | Killed from afar by Sunyrez the pandemonium lord

Skill      XL: |  1  2  3  4  5  6  7  8  9 10 11 12 13 14 15 16 17 18 19 20 21 22 23 24 25 26 27 |
---------------+----------------------------------------------------------------------------------+-----
Spellcasting   | 4 5 6 7 8 10 12 13 15 16 17 18 19 22 25 27 | 27.0
Conjurations   | 2 3 4 5 6 8 9 10 11 12 13 14 15 16 17 | 17.0
Air Magic      | 1 2 4 6 8 9 10 11 12 17 22 23 27 | 27.0
Dodging        | 3 4 5 6 7 8 9 10 11 12 | 12.3
Stealth        | 3 4 5 6 7 8 10 11 12 13 | 13.0
Fighting       | 1 2 3 4 5 |  5.3
Poison Magic   | 1 2 3 |  3.0
Short Blades   | 1 2 3 4 5 6 |  6.5
Fire Magic     | 2 3 4 5 |  5.7
Bows           | 4 9 10 12 13 15 17 19 21 23 25 26 27 | 27.0
Summonings     | 1 |  1.7
Armour         | 1 2 3 4 5 6 |  6.9
Charms         | 5 6 7 8 9 10 | 10.1
Evocations     | 1 |  1.5
Translocations | 2 3 5 6 7 8 10 | 10.3
Ice Magic      | 2 5 8 10 11 12 | 12.1
Hexes          | 1 2 |  2.6

Action                   |  1- 3 |  4- 6 |  7- 9 | 10-12 | 13-15 | 16-18 | 19-21 | 22-24 | 25-27 || total
-------------------------+-------+-------+-------+-------+-------+-------+-------+-------+-------++-------
Melee: Dagger            |    22 |    77 |   157 |   692 |   395 |   258 |    68 |    52 |       ||  1721
       Falchion          |       |       |       |       |       |    10 |       |       |       ||    10
       Shortbow          |       |       |       |       |       |       |     1 |     3 |       ||     4
       Staff             |       |       |       |       |       |       |       |       |    54 ||    54
 Fire: Shortbow          |       |       |       |   433 |   892 |  1560 |  1692 |  2417 |  1814 ||  8808
 Cast: Magic Dart        |   112 |    83 |   145 |   173 |   163 |   111 |    21 |    16 |    49 ||   873
       Repel Missiles    |     1 |       |       |     1 |     3 |    14 |     8 |     6 |     8 ||    41
       Mephitic Cloud    |       |    10 |    30 |   164 |   202 |    41 |    60 |    31 |    26 ||   564
       Conjure Flame     |       |       |    15 |     4 |       |       |       |       |       ||    19
       Flame Tongue      |       |       |     5 |   163 |   232 |   200 |     8 |       |    10 ||   618
       Call Imp          |       |       |       |    19 |       |       |       |       |       ||    19
       Iskenderun's Batt |       |       |       |       |   145 |   118 |    86 |    99 |   176 ||   624
       Force Lance       |       |       |       |       |   109 |   336 |   252 |   515 |   651 ||  1863
       Dazzling Spray    |       |       |       |       |    53 |    26 |    41 |    23 |    23 ||   166
       Iskenderun's Myst |       |       |       |       |     5 |    12 |    60 |   106 |   233 ||   416
       Freezing Cloud    |       |       |       |       |     2 |    11 |    30 |    19 |    31 ||    93
       Regeneration      |       |       |       |       |       |    15 |    20 |    16 |    11 ||    62
       Shroud of Golubri |       |       |       |       |       |    10 |     8 |    19 |     7 ||    44
       Blink             |       |       |       |       |       |     5 |     1 |     1 |     7 ||    14
       Lightning Bolt    |       |       |       |       |       |       |       |    16 |       ||    16
       Swiftness         |       |       |       |       |       |       |       |     2 |     3 ||     5
       Apportation       |       |       |       |       |       |       |       |     1 |     3 ||     4
       Portal Projectile |       |       |       |       |       |       |       |     1 |     5 ||     6
       Bolt of Draining  |       |       |       |       |       |       |       |       |    78 ||    78
       Tornado           |       |       |       |       |       |       |       |       |     5 ||     5
 Abil: Evoke Flight      |       |       |       |       |       |     3 |       |       |       ||     3
Evoke: Wand              |       |       |     1 |     2 |     9 |    10 |     1 |     6 |    11 ||    40
       Fan of gales      |       |       |       |       |       |     2 |     3 |     2 |     3 ||    10
       Phial of floods   |       |       |       |       |       |     1 |     2 |     1 |       ||     4
       Rod               |       |       |       |       |       |     2 |       |       |       ||     2
       Lamp of fire      |       |       |       |       |       |       |       |       |     1 ||     1
  Use: Scroll            |     3 |     3 |     4 |    27 |     7 |    28 |    17 |    13 |    23 ||   125
       Potion            |       |     2 |     6 |     5 |     1 |     8 |       |     9 |    15 ||    46
 Stab: Sleeping          |     2 |     5 |     2 |    17 |    26 |     9 |    11 |    15 |       ||    87
       Confused          |       |     6 |    15 |    55 |    42 |     7 |    10 |     4 |     3 ||   142
       Distracted        |       |       |       |     4 |     2 |     2 |       |     1 |     1 ||    10
       Invisible         |       |       |       |       |     7 |     4 |       |       |       ||    11
  Eat: Chunk             |     2 |     6 |    13 |    34 |    57 |    43 |    34 |    28 |    40 ||   257
       Beef jerky        |       |       |       |     2 |       |       |       |       |       ||     2
       Fruit             |       |       |       |       |     3 |       |       |     2 |       ||     5
       Bread ration      |       |       |       |       |     1 |     2 |       |     3 |     3 ||     9
       Royal jelly       |       |       |       |       |       |     2 |     1 |       |       ||     3
       Meat ration       |       |       |       |       |       |       |       |     2 |     1 ||     3
       Pizza             |       |       |       |       |       |       |       |       |     1 ||     1
Armor: Robe              |     3 |     9 |    16 |    43 |    31 |     8 |       |       |       ||   110
       Troll leather arm |       |       |       |    32 |    42 |       |       |       |       ||    74
       Swamp dragon armo |       |       |       |       |       |   153 |   120 |   283 |   345 ||   901
Dodge: Dodged            |    17 |    46 |    83 |   431 |   390 |   568 |   398 |   987 |   720 ||  3640
       Deflected         |       |       |     2 |     4 |    32 |    76 |    67 |    33 |    42 ||   256
Block: Buckler           |       |       |       |       |       |       |       |       |    28 ||    28
